 Dungeon Crawl Stone Soup version 0.27-a0-1548-gf8a67e7463 (webtiles) character file.

Game seed: 18124787235270813426

475 Zonian the Magician (level 6, -5/43 HPs)
             Began as a Mummy Conjurer on July 14, 2021.
             Was a Follower of Nemelex Xobeh.
             Slain by a lemure (7 damage)
             ... led by Pikel
             ... on level 4 of the Dungeon.
             The game lasted 00:08:16 (5492 turns).

Zonian the Magician (Mummy Conjurer)                Turns: 5492, Time: 00:08:18

Health: -5/43      AC:  2    Str: 10    XL:     6   Next: 84%
Magic:  11/13      EV: 12    Int: 20    God:    Nemelex Xobeh [*.....]
Gold:   147        SH:  0    Dex: 10    Spells: 12/15 levels left

rFire    x . .     SeeInvis .   e - +2 dagger (venom)
rCold    + . .     Faith    .   (no shield)
rNeg     + + +     Spirit   .   a - +0 robe
rPois    ∞         Reflect  .   (no helmet)
rElec    .         Harm     .   (no cloak)
rCorr    .         Rampage  .   (no gloves)
Will     .....                  (no boots)
Stlth    ++........             (no amulet)
HPRegen  0.14/turn              (no ring)
MPRegen  0.13/turn              (no ring)

@: no status effects
A: cold resistance 1, negative energy resistance 3, torment resistance 2, heat
vulnerability 1, no potions
a: Renounce Religion, Draw Escape, Draw Destruction, Draw Summoning


You were on level 4 of the Dungeon.
You worshipped Nemelex Xobeh.
Nemelex Xobeh was aware of your devotion.
You visited 1 branch of the dungeon, and saw 4 of its levels.

You collected 147 gold pieces.

Inventory:

Hand Weapons
 c - a +0 whip
 d - a +0 dagger
 e - a +2 dagger of venom (weapon)
 f - a +1 hunting sling of flaming
 k - a +0 vampiric demon whip
Missiles
 b - 10 poisoned darts
Armour
 a - a +0 robe (worn)
Wands
 i - a wand of flame (11)
Scrolls
 g - a scroll of fog
 h - 2 scrolls of amnesia
 j - a scroll of immolation
 l - a scroll of blinking {unknown}


   Skills:
 + Level 1.3 Fighting
 + Level 1.2 Short Blades
 + Level 2.2 Dodging
 + Level 3.0 Stealth
 + Level 0.2 Unarmed Combat
 + Level 5.3 Spellcasting
 + Level 4.7 Conjurations


You had 12 spell levels left.
You knew the following spells:

 Your Spells              Type           Power      Damage    Failure   Level
a - Magic Dart            Conj           96%        1d7       1%          1
b - Searing Ray           Conj           48%        3d5       2%          2

Your spell library contained the following spells:

 Spells                   Type           Power      Damage    Failure   Level
 Freeze                   Ice            20%        1d4       12%         1
 Dazzling Flash           Conj/Hex       28%        N/A       13%         3
 Frozen Ramparts          Ice            10%        1d3       34%         3
 Fulminant Prism          Conj/Hex       7%         3d7       38%         4
 Hailstorm                Conj/Ice       14%        3d5       38%         4
 Iskenderun's Mystic Bla  Conj/Tloc      14%        2d5       38%         4
 Animate Armour           Summ/Erth      10%        N/A       75%         4
 Iron Shot                Conj/Erth      7%         9d2       100%        6
 Blade Hands              Tmut           Unusable   N/A       N/A         5

Dungeon Overview and Level Annotations

Branches:
Dungeon (4/15)
 Temple: D:4-7

Altars:
Fedhas
Nemelex Xobeh
Trog

Shops:
D:1 *   D:4 =

Annotations:
D:3 Grinder
D:4 3 runed translucent doors, Pikel; dickylongcocking's ghost, amateur DjWn


Innate Abilities, Weirdness & Mutations

You are immune to poison.
Your flesh is cold resistant. (rC+)
You are immune to negative energy. (rN+++)
You are immune to unholy pain and torment.
You are vulnerable to heat. (rF-)
You do not drink.


Message History

The lemure shouts! x3
The lemure closely misses you. The lemure barely misses you.
There is an open door here.
The lemure hits you! The lemure closely misses you.
Pikel says, "You'll rot in Tartarus!"
Pikel cracks his whip.
The lemure hits you!
You hit Pikel but do no damage.
Pikel is poisoned.
The lemure misses you.
Pikel drinks a potion.
Pikel is healed!
Pikel looks more healthy.
You hit Pikel.
Pikel is lightly wounded.
The lemure closely misses you. The lemure barely misses you.
You hit Pikel.
Pikel is poisoned.
Pikel is lightly wounded.
Pikel zaps a wand.
You suddenly lose the ability to move!
The lemure hits you. The lemure barely misses you. The lemure hits you.
Pikel zaps a wand.
You shrug off the repeated paralysis!
The lemure hits you. x3
Pikel zaps a wand.
You easily resist.
The lemure hits you.
* * * LOW HITPOINT WARNING * * *
The lemure completely misses you. x2
The lemure hits you but does no damage.
Pikel zaps a wand.
You shrug off the repeated paralysis!
The lemure hits you.
* * * LOW HITPOINT WARNING * * *
The lemure hits you.
* * * LOW HITPOINT WARNING * * *
The lemure hits you but does no damage.
You can move again.
Casting: Magic Dart (safe; 1% risk of failure)
Confirm with . or Enter, or press ? or * to list all spells.
Aiming: Searing Ray (safe; 2% risk of failure)
Press: ? - help, Shift-Dir - straight line, f - lemure
Aim: a lemure (74% to hit)
The searing ray hits the lemure!
The lemure is moderately wounded. (Press . to maintain the ray.)
The lemure hits you!
You die...
Your body glows slightly and disappears.

##########<.....#.... #####
#......####.
#######...####...........
#.....'..................
#+#########...##.#...........
#####.##.#....'..................
.........#!..##.........###......
.........#...##..5...#.## #...P..
...5............@5...#.####..####
########.......5K5...'.......#..#
#........##...#.####..#..#
######'#......5....#.# #..##)#
###(......<.......++##.# #....).
..................#.##.# #......
.##........###+####.##'####..####
.###.......# #.# #..........#.(#
#..#.......###.# #..........#..'


You could see Pikel (very poisoned) and 4 lemures.

Vanquished Creatures
  Sigmund (D:3)
  A scorpion (D:4)
  A hound (D:4)
  An iguana (D:4)
  A hound skeleton (D:4)
  6 adders
  2 dart slugs (D:3)
  10 orcs
  5 ball pythons
  10 endoplasms
  16 giant cockroaches
  13 goblins
  8 hobgoblins
  7 jackals (D:1)
  11 kobolds
  2 quokkas (D:3)
  7 bats
  3 frilled lizards
  10 rats
115 creatures vanquished.

Vanquished Creatures (others)
  4 fungi
  A plant (D:4)
5 creatures vanquished.

Grand Total: 120 creatures vanquished

Notes
Turn   | Place    | Note
-------+----------+-------------------------------------------
     0 | D:1      | Zonian the Mummy Conjurer began the quest for the Orb.
     0 | D:1      | Reached XP level 1. HP: 13/13 MP: 4/4
   108 | D:1      | Found Enehamm's General Store.
   199 | D:1      | Reached XP level 2. HP: 19/19 MP: 1/5
  1164 | D:1      | Reached skill level 3 in Spellcasting
  1247 | D:1      | Reached XP level 3. HP: 24/24 MP: 4/7
  1281 | D:1      | Learned a level 2 spell: Searing Ray
  2412 | D:2      | Found a faded altar of an unknown god.
  2414 | D:2      | You fall into a shaft and drop 1 floor!
  2587 | D:3      | Reached XP level 4. HP: 30/30 MP: 5/9
  2901 | D:2      | Became a worshipper of Nemelex Xobeh the Trickster
  2901 | D:2      | Reached * piety under Nemelex Xobeh
  3059 | D:3      | Noticed Sigmund
  3201 | D:3      | HP: 1/30 [Sigmund (7)]
  3206 | D:3      | Killed Sigmund
  3207 | D:3      | Reached skill level 4 in Spellcasting
  3207 | D:3      | Reached XP level 5. HP: 1/36 MP: 1/12
  3506 | D:3      | Received a gift from Nemelex Xobeh
  3540 | D:3      | Reached XP level 6. HP: 42/42 MP: 11/13
  3935 | D:3      | Noticed Grinder
  4069 | D:4      | Found a bloodstained altar of Trog.
  4321 | D:4      | Reached skill level 5 in Spellcasting
  4468 | D:4      | Reached skill level 1 in Fighting
  4734 | D:4      | Found Saumec's Jewellery Boutique.
  5053 | D:4      | Reached skill level 1 in Short Blades
  5361 | D:4      | Found a runed translucent gate.
  5362 | D:4      | Found a runed translucent gate.
  5363 | D:4      | Found a runed translucent gate.
  5365 | D:4      | Noticed dickylongcocking's ghost (amateur DjWn)
  5404 | D:4      | Received a gift from Nemelex Xobeh
  5435 | D:4      | Found a blossoming altar of Fedhas.
  5457 | D:4      | Noticed Pikel
  5488 | D:4      | Paralysed by Pikel for 3 turns
  5491 | D:4      | HP: 2/43 [lemure[Pikel] (6)]
  5492 | D:4      | Slain by a lemure

Illustrated notes

Levels and vault maps discovered:
D:1:      dpeg_arrival_prison, layout_loops_ring, serial_shops,
          nicolae_shop_crystal, minmay_misc_feat_square
D:2:      layout_basic, basic_ecumenical_altar
D:3:      minmay_roachtagon, layout_basic, demons_altar, moated_statue,
          uniq_grinder, uniq_sigmund
D:4:      corexii_shack_village, layout_basic, trog_antimagical,
          kennysheep_little_box, marbit_many_paths,
          gammafunk_ghost_nasty_kobolds, enter_ossuary_2,
          minmay_shop_grid_forest, minmay_goblin_outpost, uniq_pikel

Skill      XL: |  1  2  3  4  5  6 |
---------------+-------------------+-----
Spellcasting   | 3 4 5 |  5.3
Conjurations   | 4 |  4.7
Stealth        | 2 3 |  3.0
Dodging        | 2 |  2.2
Fighting       | 1 |  1.3
Short Blades   | 1 |  1.2
Unarmed Combat | |  0.2

Action                   |  1- 3 |  4- 6 || total
-------------------------+-------+-------++-------
Melee: Unarmed           |    25 |       ||    25
       Dagger            |     3 |   102 ||   105
 Cast: Magic Dart        |   100 |    57 ||   157
       Searing Ray       |       |     4 ||     4
  Use: Scroll            |       |     3 ||     3
 Stab: Sleeping          |     2 |     4 ||     6
Armor: Robe              |     7 |    19 ||    26
Dodge: Dodged            |    30 |    71 ||   101

Table legend: (Time is in decaauts)
 A = Elapsed time spent in this place.
 B = Non-inter-level travel time spent in this place.
 C = Inter-level travel time spent in this place.
 D = Time resting spent in this place.
 E = Time spent auto-exploring this place.
 F = Levels seen in this place.
 G = Mean time per level.
                   A        B        C        D        E       F      G
               +--------+--------+--------+--------+--------+-----+--------+
         Total |   5486 |   5379 |    107 |   1415 |   3202 |   4 | 1371.5 |
       Dungeon |   5486 |   5379 |    107 |   1415 |   3202 |   4 | 1371.5 |
               +--------+--------+--------+--------+--------+-----+--------+

Top non-repeatable levels by time:
     D:1: 1933 daAuts
     D:4: 1427 daAuts
     D:3: 1358 daAuts
     D:2: 767 daAuts
